Map: 2000 Atmospheres LE

Players

TerraN - Winner!

  • Race: Terran Terran

Erik

  • Race: Zerg Zerg
  • League: Master

Event: DreamHack SC2 Masters 2021 Summer

VOD

Have the link to the VOD?

Description

Time

  • Played on: May 20, 2021, 4:28 p.m.
  • Length: 27:04

All games in this series

Show
View Real Time Build Order
Export as new Build Order

TerraN Terran - Winner!

Build Orders: Reaper Expand, Hellion Banshee 

Get SALT Encoding   

  12  0:01  SCV  
  13  0:13  SCV  
  14  0:17  Supply Depot  
  14  0:25  SCV  
  15  0:39  SCV  
  15  0:40  Barracks  
  16  0:44  Refinery  
  16  0:51  SCV  
  17  1:03  SCV  
  18  1:15  SCV  
  19  1:29  Reaper, Orbital Command  
  20  1:38  Command Center  
  20  1:46  Supply Depot  
  20  1:54  SCV  
  21  2:01  Marine  
  21  2:06  SCV  
  23  2:11  Factory  
  23  2:18  SCV  
  24  2:23  Barracks Reactor  
  24  2:30  SCV  
  25  2:41  Command Center  
  25  2:43  SCV  
  26  2:53  Orbital Command  
  26  2:55  SCV  
  27  3:00  Starport  
  27  3:05  Refinery  
  27  3:07  SCV  
  28  3:14  Hellion  
  28  3:16  Hellion  
  32  3:20  SCV  
  32  3:21  Barracks Tech Lab  
  32  3:25  SCV  
  34  3:32  SCV  
  35  3:36  Hellion  
  35  3:37  SCV, Hellion  
  40  3:44  SCV  
  41  3:49  SCV, Banshee  
  41  3:54  Orbital Command  
  45  3:56  SCV  
  45  3:58  Hellion  
  45  4:00  Hellion  
  50  4:03  Cloaking Field  
  50  4:05  SCV  
  51  4:14  SCV  
  52  4:19  SCV  
  52  4:23  Supply Depot  
  55  4:24  Hellion x2  
  55  4:27  SCV  
  55  4:30  SCV  
  59  4:35  SCV, Supply Depot  
  60  4:38  Barracks Tech Lab  
  60  4:39  SCV  
  60  4:44  SCV, Banshee  
  65  4:47  SCV, Supply Depot  
  65  4:48  Hellion  
  65  4:51  SCV  
  69  4:56  SCV  
  69  4:57  Hellion  
  72  5:04  SCV  
  72  5:06  Stimpack, Supply Depot  
  73  5:07  Barracks  
  73  5:09  SCV, Barracks  
  73  5:11  Supply Depot  
  74  5:24  SCV x2  
  74  5:27  Engineering Bay x2  
  74  5:28  Refinery x2  
  77  5:29  Orbital Command  
  76  5:36  SCV  
  76  5:37  SCV  
  78  5:43  Starport Reactor  
  78  5:44  Marine  
  78  5:45  Siege Tank  
  78  5:46  Barracks  
  78  5:48  SCV, Barracks  
  78  5:49  SCV  
  84  5:54  SCV, Supply Depot  
  85  6:00  SCV  
  85  6:01  SCV  
  87  6:06  SCV, Marine  
  89  6:13  SCV  
  89  6:16  SCV  
  89  6:17  Siege Tank  
  86  6:18  SCV  
  86  6:21  Medivac x2  
  86  6:24  Barracks Reactor, Marine  
  86  6:25  SCV  
  84  6:28  SCV  
  84  6:30  SCV  
  81  6:37  SCV, Barracks Reactor x2  
  81  6:38  Barracks Tech Lab  
  81  6:39  Barracks Tech Lab  
  80  6:40  SCV  
  80  6:42  SCV, Marine  
  80  6:45  Marine x2  
  80  6:46  Terran Infantry Weapons Level 1, Terran Infantry Armor Level 1  
  85  6:49  SCV  
  85  6:51  Supply Depot  
  85  6:52  SCV, Supply Depot x2  
  85  6:53  Factory  
  87  6:54  Refinery  
  87  6:55  SCV  
  87  7:00  Marine, Command Center  
  90  7:01  SCV, Marine  
  90  7:02  Marine  
  90  7:03  Marine x3  
  90  7:04  SCV, Combat Shield  
  90  7:05  Concussive Shells  
  90  7:06  Marauder  
  98  7:10  Bunker  
  98  7:16  Supply Depot  
  98  7:18  Marine, Supply Depot  
  98  7:19  Marine  
  98  7:22  Marauder  
  102  7:23  Marine x3  
  102  7:27  Marine, Medivac x2  
  102  7:29  Supply Depot  
  110  7:35  SCV x2  
  110  7:36  Marauder, Refinery  
  114  7:37  Marine  
  114  7:38  Barracks  
  114  7:39  Factory Tech Lab  
  114  7:40  Barracks  
  114  7:41  Marine x3  
  114  7:42  Barracks  
  114  7:43  Marine  
  119  7:45  Marine  
  119  7:46  SCV  
  119  7:50  Armory  
  121  7:55  Marine  
  121  7:57  Marine  
  123  7:59  Marine x3  
  123  8:00  Sensor Tower, Marine  
  123  8:03  Marine, Siege Tank  
  123  8:05  Medivac  
  133  8:12  Supply Depot  
  133  8:13  Marine  
  133  8:14  SCV x2  
  133  8:15  SCV, Marine, Siege Tank  
  133  8:16  Marine x2  
  133  8:17  Marine  
  133  8:18  Marine  
  145  8:24  Marine  
  145  8:25  Command Center  
  146  8:30  Marine  
  146  8:32  Marine  
  148  8:34  Marine x3, Barracks Tech Lab  
  148  8:35  Barracks Reactor, Barracks Tech Lab  
  148  8:36  Marine  
  148  8:40  Sensor Tower  
  152  8:42  Marine  
  153  8:48  Marine  
  153  8:50  Marine  
  153  8:52  Marine x3  
  153  8:53  Ghost Academy  
  153  8:54  Marauder  
  151  8:57  Marine  
  151  8:58  Marine  
  151  8:59  Siege Tank x2, Marine  
  155  9:06  Marine  
  155  9:09  Marauder  
  158  9:10  Marine x3  
  158  9:11  Medivac  
  158  9:15  Marine x2  
  167  9:18  Marauder  
  167  9:21  Planetary Fortress  
  169  9:24  Marine  
  169  9:25  Terran Infantry Armor Level 2  
  169  9:27  Terran Infantry Weapons Level 2  
  167  9:31  Marine  
  167  9:37  Siege Tank  
  171  9:38  Marine x2  
  171  9:39  Marine x2, Command Center  
  171  9:40  Marauder  
  177  9:46  Siege Tank  
  177  9:49  Marine x2, Marauder  
  177  9:50  Marine x2  
  186  9:52  Marine  
  186  9:56  Marine x2  
  189  10:07  Medivac x2  
  190  10:08  Marine, Marauder  
  195  10:23  Marine  
  195  10:24  Marine, Marauder  
  195  10:25  Marine  
  195  10:26  Marauder  
  182  10:31  Marine, Marauder  
  182  10:34  Marine x2  
  182  10:35  Marauder x2  
  161  10:38  Siege Tank  
  161  10:41  Marine x2  
  155  10:43  Marine, Medivac x2  
  155  10:46  Marauder  
  155  10:47  Marauder  
  155  10:49  Marine  
  159  10:52  Marine x3  
  159  10:53  Orbital Command  
  159  10:55  Marine  
  159  10:56  Marine, Refinery x2, Command Center  
  151  10:59  Marine x2  
  151  11:01  Marine  
  151  11:02  Command Center  
  154  11:06  Terran Vehicle Weapons Level 1, Marine  
  154  11:07  Marauder  
  154  11:08  Marine  
  154  11:09  Personal Cloaking  
  154  11:10  Marine x3  
  155  11:13  Medivac x2  
  155  11:15  Marine  
  155  11:16  Marauder  
  155  11:17  Marine x2, Missile Turret  
  164  11:19  Marine, Missile Turret  
  164  11:22  Siege Tank x2  
  166  11:33  Ghost  
  166  11:37  Missile Turret  
  168  11:40  Planetary Fortress  
  168  11:42  Missile Turret  
  168  11:43  Missile Turret, Ghost  
  170  11:48  Missile Turret  
  170  11:49  Ghost  
  170  11:53  Missile Turret  
  168  11:55  Ghost  
  170  12:03  Viking x2  
  173  12:17  Ghost x2  
  173  12:21  Orbital Command  
  177  12:24  Ghost  
  177  12:26  Marine x4, Marauder x2  
  187  12:34  Marine x2  
  189  12:37  Viking x2  
  189  12:41  Siege Tank  
  189  12:44  Marine x2  
  195  12:47  Marauder x2  
  200  12:57  Marine x2  
  200  12:58  Marauder, Siege Tank  
  196  13:06  Marine x2, Marauder  
  196  13:11  Marine, Marauder  
  198  13:13  Marauder  
  198  13:15  Marauder  
  197  13:21  Marine  
  197  13:22  Marauder  
  197  13:24  Marine x2  
  185  13:28  Marauder, Marine  
  185  13:30  Marine x2  
  185  13:32  Viking x2  
  185  13:33  Marauder  
  189  13:34  Marauder  
  189  13:36  Marauder  
  189  13:39  Marine  
  189  13:40  Terran Infantry Armor Level 3  
  191  13:41  Terran Infantry Weapons Level 3  
  191  13:42  Marine x2  
  191  13:43  Marauder  
  191  13:46  Marine  
  191  13:48  Marine x2  
  191  13:49  Marauder  
  191  13:54  Marauder  
  196  13:56  Marauder  
  196  13:57  Marine x2  
  196  14:05  Marauder, Marine  
  196  14:06  Marine  
  196  14:07  Marine  
  196  14:09  Siege Tank x2  
  169  14:10  Marauder, Marine  
  169  14:15  Marauder x2  
  173  14:21  Marine x2  
  173  14:22  Medivac x2  
  177  14:27  Starport  
  177  14:37  Sensor Tower  
  177  14:38  Marine x3, Marauder  
  181  14:41  Siege Tank, Ghost  
  181  14:42  Siege Tank  
  190  14:52  Medivac x2  
  192  14:57  Missile Turret  
  192  14:59  Refinery  
  194  15:05  Marine x2, Marauder x2  
  181  15:28  Marine x2  
  181  15:29  Marine x2, Marauder, Siege Tank x2  
  181  15:30  Marauder, Marine x2  
  181  15:31  Marauder  
  181  15:32  Marine  
  197  15:40  Marine  
  182  15:46  Marine x2  
  182  15:47  Marine  
  182  15:48  Marine  
  182  15:50  Marauder  
  176  15:57  Medivac x2  
  176  16:01  Siege Tank  
  176  16:02  Marine x3, Ghost, Marauder x2  
  192  16:04  Marine  
  192  16:11  Medivac, Ghost  
  195  16:13  SCV  
  195  16:14  SCV  
  195  16:16  SCV  
  188  16:42  Marine  
  188  16:43  Marauder  
  178  16:47  Marine x2  
  178  16:48  Marauder  
  178  16:49  Marine  
  178  16:50  Marauder  
  182  16:54  Marine x2  
  182  16:55  Marauder  
  182  16:56  SCV x7  
  182  17:00  Ghost  
  162  17:08  SCV x5, Marine x2  
  162  17:09  Marauder  
  162  17:14  Marine x2  
  170  17:18  Marine x2, Marauder  
  170  17:21  SCV x2  
  170  17:22  Marine x2, Orbital Command x2  
  177  17:27  Medivac x2  
  181  17:34  Marine x2  
  181  17:35  Marauder  
  183  17:57  Siege Tank  
  183  17:58  Bunker, Siege Tank  
  189  18:00  Supply Depot  
  189  18:01  Supply Depot, Viking  
  189  18:02  Marauder  
  193  18:09  Marine  
  194  18:14  Marine  
  194  18:15  Marine x2, Marauder  
  194  18:16  Marine  
  200  18:31  Ghost  
  200  19:00  Marine  
  200  19:01  Marine, Marauder  
  183  19:08  Marine  
  183  19:09  Marauder  
  150  19:25  Marine, Marauder  
  150  19:27  Marine x3, Marauder  
  150  19:28  Marauder  
  150  19:30  Marine, Marauder  
  163  19:32  Marine x2  
  156  19:46  Marine  
  156  19:47  Marauder, Marine  
  154  19:59  Marine x2, Marauder  
  158  20:00  Marine x2, Marauder  
  158  20:01  Marine, Marauder  
  158  20:04  Marine  
  163  20:08  Marine, Marauder  
  163  20:09  Medivac x3  
  163  20:13  Command Center  
  169  20:14  Command Center  
  169  20:17  Marine  
  154  20:30  Marine, Ghost, Fusion Core  
  154  20:34  Marine x2, Ghost  
  161  20:36  Marine  
  161  20:37  Marauder  
  161  20:39  Viking x3  
  161  20:41  Ghost x2  
  171  20:43  Marine  
  171  20:48  Siege Tank  
  171  20:49  Siege Tank  
  168  20:55  SCV  
  169  20:57  Ghost  
  169  20:58  Ghost  
  173  21:04  Ghost  
  175  21:13  Ghost  
  175  21:15  Ghost  
  175  21:16  Marine x3  
  182  21:20  Siege Tank  
  182  21:23  Orbital Command  
  166  21:26  Marauder  
  168  21:35  Ghost x2  
  168  21:36  Marine x5  
  177  21:43  Marauder, Marine  
  177  21:44  Ghost  
  179  21:47  Ghost  
  179  21:54  Marine x4  
  182  21:55  Marine  
  185  22:03  Marine  
  185  22:06  Marine  
  185  22:07  Marine  
  188  22:09  Marauder  
  188  22:11  Marine  
  188  22:12  Marine, Refinery x2  
  192  22:16  Ghost  
  194  22:29  Siege Tank  
  197  22:37  Viking  
  199  22:46  Marine  
  199  22:49  Marine  
  197  22:51  Orbital Command  
  197  22:53  Siege Tank, Marine  
  197  22:54  Marine x2  
  197  23:02  Marine x2, Marauder  
  197  23:10  Marine x2  
  197  23:11  Marauder  
  183  23:13  Marine x2  
  183  23:16  Siege Tank  
  183  23:17  Liberator x2  
  183  23:19  Starport Reactor  
  190  23:20  Nuke  
  190  23:25  Siege Tank  
  190  23:27  Command Center  
  193  23:36  Missile Turret  
  193  23:37  Bunker  
  192  23:43  Ghost  
  192  23:48  Siege Tank  
  197  23:50  Marine  
  190  24:00  Medivac  
  191  24:09  Ghost  
  191  24:12  Marine x2  
  195  24:19  Marine  
  195  24:20  Marauder  
  198  24:25  Marine x2  
  175  24:56  Marine, Marauder  
  175  24:57  Marine, Marauder  
  176  25:12  Marine x2, Marauder  
  170  25:27  Marine x2, Marauder  
  170  25:28  Marine, Marauder  
  177  25:34  Marine  
  177  25:35  Marine x2, Siege Tank, Marauder  
  185  25:36  Siege Tank  
  188  25:46  Orbital Command  
  186  25:52  Marine  
  186  25:53  Marauder  
  186  25:55  Marauder  
  178  26:04  Marauder  
  178  26:09  Marine x2  
  182  26:13  Marine  
  165  26:28  Marine  
  165  26:29  Marauder  
  165  26:32  Marine x2  
  153  26:33  Marauder, Marine x2  
  153  26:34  Marauder  
  153  26:36  Marine  
  157  26:41  Marine, Marauder  
Show
View Real Time Build Order
Export as new Build Order

Erik Zerg 

Build Orders: Hatch First, Lurkers, Roach Hydra 

Get SALT Encoding   

  12  0:00  Drone  
  13  0:12  Overlord  
  13  0:17  Drone  
  14  0:31  Drone x2  
  16  0:47  Hatchery  
  15  0:51  Drone  
  15  0:54  Drone  
  17  0:57  Drone  
  18  1:09  Extractor  
  17  1:12  Spawning Pool  
  17  1:15  Drone  
  17  1:18  Drone  
  18  1:28  Drone  
  19  1:38  Drone  
  20  1:49  Drone  
  21  2:00  Queen x2  
  21  2:01  Zergling x4  
  27  2:12  Hatchery  
  26  2:16  Overlord  
  26  2:20  Drone  
  26  2:22  Drone  
  28  2:38  Drone x3  
  28  2:41  Queen  
  33  2:48  Overlord  
  33  2:53  Roach Warren  
  33  2:55  Drone  
  33  2:56  Drone  
  34  2:59  Drone  
  35  3:06  Drone x2  
  35  3:10  Drone x2  
  35  3:11  Drone  
  40  3:18  Queen  
  42  3:21  Overlord  
  42  3:31  Overlord  
  42  3:35  Roach x3  
  42  3:37  Roach  
  42  3:41  Drone x2  
  51  3:46  Overlord  
  52  3:48  Overlord  
  52  3:51  Drone  
  52  3:54  Queen  
  55  3:59  Drone x2  
  58  4:02  Ravager  
  58  4:03  Ravager  
  58  4:05  Drone x3  
  62  4:10  Drone x2  
  62  4:11  Drone  
  65  4:17  Spore Crawler  
  65  4:19  Spore Crawler  
  65  4:20  Spore Crawler  
  65  4:21  Spore Crawler  
  65  4:23  Drone x2  
  63  4:26  Drone  
  63  4:28  Drone x2  
  66  4:35  Overlord  
  66  4:36  Drone x3  
  69  4:44  Drone x5  
  74  4:50  Extractor, Lair  
  74  4:52  Extractor  
  72  4:55  Drone x4  
  76  5:02  Extractor  
  76  5:07  Evolution Chamber x2  
  74  5:09  Overlord  
  74  5:10  Drone x7  
  80  5:15  Drone x2  
  80  5:18  Overlord  
  80  5:21  Overlord  
  82  5:26  Extractor  
  82  5:27  Extractor  
  80  5:29  Drone  
  80  5:30  Drone x4  
  80  5:35  Zerg Missile Weapons Level 1  
  85  5:36  Zerg Ground Armor Level 1  
  85  5:38  Drone x5  
  90  5:45  Hatchery  
  89  5:50  Overseer  
  89  5:53  Glial Reconstitution  
  89  5:59  Infestation Pit  
  83  6:11  Roach x9  
  83  6:15  Drone  
  96  6:25  Drone x9  
  99  6:31  Drone x3  
  99  6:32  Drone  
  98  6:37  Queen  
  98  6:45  Pathogen Glands  
  100  6:47  Drone x2  
  100  6:52  Drone x4  
  104  7:10  Overlord  
  104  7:13  Hydralisk Den, Infestor x2  
  107  7:21  Drone x3  
  107  7:22  Roach  
  112  7:24  Extractor, Overlord x5  
  112  7:26  Extractor  
  110  7:31  Spore Crawler  
  109  7:41  Queen  
  109  7:43  Roach  
  109  7:44  Roach x8  
  129  7:45  Roach  
  129  7:47  Ravager x2  
  133  7:53  Zerg Missile Weapons Level 2  
  133  7:54  Zerg Melee Weapons Level 1  
  133  7:55  Metabolic Boost  
  133  7:59  Drone x3  
  133  8:00  Drone  
  133  8:03  Drone x3  
  140  8:10  Drone  
  141  8:17  Infestor x2  
  145  8:20  Muscular Augments  
  145  8:31  Drone x2  
  145  8:32  Drone  
  148  8:35  Hatchery, Overlord  
  148  8:36  Hive  
  148  8:37  Hydralisk x2  
  148  8:38  Hydralisk  
  149  8:56  Hydralisk x7  
  163  9:09  Overlord  
  163  9:10  Overlord x4  
  163  9:12  Hatchery  
  163  9:19  Overlord  
  163  9:27  Overlord  
  163  9:31  Grooved Spines, Hydralisk x8  
  163  9:34  Lurker Den, Pneumatized Carapace  
  163  9:38  Zergling x6  
  181  9:39  Zergling x2  
  182  9:48  Burrow  
  182  9:49  Viper x2  
  188  9:52  Zerg Melee Weapons Level 2  
  188  9:56  Zergling x8  
  188  9:57  Zergling x6  
  188  10:28  Zergling x34  
  169  10:38  Drone  
  169  10:39  Seismic Spines  
  159  10:53  Hydralisk x9  
  171  10:58  Drone x3  
  173  11:04  Drone  
  173  11:05  Drone x2  
  173  11:11  Extractor  
  175  11:16  Lurker x8  
  183  11:30  Drone x9  
  183  11:31  Drone x4  
  196  11:35  Spine Crawler  
  196  11:36  Spine Crawler  
  196  11:39  Spine Crawler  
  193  11:41  Adaptive Talons  
  193  11:42  Spore Crawler  
  192  11:50  Overlord  
  192  11:56  Overlord  
  192  11:57  Extractor  
  192  11:59  Spore Crawler  
  192  12:00  Extractor, Drone  
  192  12:01  Spine Crawler, Spore Crawler, Drone x4  
  191  12:02  Spine Crawler  
  191  12:05  Spine Crawler  
  191  12:07  Adrenal Glands  
  190  12:09  Infestor x2  
  190  12:10  Infestor x2  
  190  12:15  Lurker x6  
  196  12:19  Zerg Ground Armor Level 2  
  196  12:32  Overlord  
  196  12:33  Overseer  
  196  12:34  Hydralisk x2  
  178  13:07  Hydralisk x13  
  174  13:29  Hydralisk x16  
  189  13:40  Zergling x30  
  190  13:46  Drone x3  
  190  13:47  Drone  
  194  13:53  Drone x3  
  174  14:08  Drone x6  
  147  14:27  Hatchery  
  146  14:34  Drone  
  146  14:37  Lurker x4  
  146  14:38  Lurker x6  
  157  14:48  Viper  
  157  14:51  Drone x2  
  162  14:53  Drone x5  
  162  14:54  Drone  
  162  14:55  Drone x3  
  171  15:03  Overseer  
  171  15:11  Extractor  
  158  15:25  Lurker x2  
  158  15:26  Lurker x5  
  156  15:35  Hydralisk  
  156  15:36  Hydralisk x5  
  156  15:40  Zergling x16  
  156  15:42  Zergling x2  
  150  16:06  Hatchery  
  149  16:12  Lurker x7  
  149  16:15  Hydralisk x3  
  162  16:24  Zergling x2  
  162  16:25  Zergling x16  
  171  16:29  Overseer  
  171  16:30  Overseer x3  
  150  16:50  Hydralisk x7  
  161  17:01  Hydralisk x4  
  165  17:15  Zergling x2  
  165  17:16  Zergling x16  
  165  17:17  Zergling x2  
  165  17:22  Overseer x2  
  175  17:23  Overseer  
  175  17:30  Drone x5  
  172  17:45  Infestor x3  
  177  17:57  Extractor  
  177  17:58  Spine Crawler x3, Drone  
  174  17:59  Spore Crawler  
  174  18:00  Spore Crawler  
  171  18:20  Hydralisk  
  171  18:21  Hydralisk x7  
  181  18:36  Spine Crawler x2  
  153  18:48  Lurker  
  153  18:49  Lurker x13  
  153  18:52  Hydralisk x2  
  162  19:04  Infestor x3  
  157  19:18  Hydralisk x5  
  155  19:29  Hydralisk x2  
  148  19:44  Zergling x18  
  125  20:15  Hydralisk x8  
  133  20:52  Hatchery  
  132  21:12  Hatchery  
  128  21:36  Overseer x3  
  121  21:41  Zergling x20  
  128  22:33  Hydralisk x4  
  135  22:49  Zergling x6  
  135  22:50  Zergling x12  
  121  23:18  Zergling x2  
  121  23:19  Zergling x16  
  128  23:54  Hydralisk x5  
  119  24:24  Extractor  
  118  24:25  Extractor  
  105  24:58  Zergling x28  
  99  25:58  Hatchery  
  97  26:16  Hydralisk  
Tags
 
Add a new tag
Caveats
  • Supply blocks, unpowered buildings, or Contaminate may cause inaccurate times.
  • Supply counts are checked every 10 seconds.